 Dungeon Crawl Stone Soup version 0.27.0-66-gdc8fb28755 (webtiles) character file.

Game seed: 11187570332878641423

10638 pkoi the Carver (level 11, -6/99 HPs)
             Began as a Minotaur Gladiator on Aug 21, 2021.
             Was a Priest of Ashenzari.
             Mangled by an ettin (13 damage)
             ... on level 10 of the Dungeon.
             The game lasted 00:12:24 (11426 turns).

pkoi the Carver (Minotaur Gladiator)               Turns: 11426, Time: 00:12:25

Health: -6/99      AC: 17    Str: 29    XL:     11   Next: 38%
Magic:  10/10      EV: 14    Int:  5    God:    Ashenzari [***...]
Gold:   672        SH: 11    Dex: 14    Spells: 10/10 levels left

rFire    + + .     SeeInvis +   F - +5 long sword "Juest" {vorpal, rN+ Str+6 SInv}
rCold    . . .     Faith    .   h - +1 kite shield {AC+3}
rNeg     + . .     Spirit   .   l - +0 scale mail "Prophetic Soothsayer" {Melee, Comp} (curse)
rPois    .         Reflect  .   c - +0 hat "Gaze Upon Infinity" {Melee, Cun} (curse)
rElec    .         Harm     .   p - +0 cloak of the Chained Augur {Fort, Cun} (curse)
rCorr    .         Rampage  .   e - +1 pair of gloves {Dex+3}
Will     .....     Clarity  +   u - +0 pair of boots "Clairvoyant Loss" {Fort, Cun} (curse)
Stlth    ..........             (no amulet)
HPRegen  0.26/turn              q - ring of Star-Bound Wisdom {rF+, Melee, Cun} (curse)
MPRegen  0.12/turn              x - ring of protection from fire

@: about to teleport, studying 2 skills
A: horns 2, retaliatory headbutt
a: Renounce Religion, Shatter the Chains


You were on level 10 of the Dungeon.
You worshipped Ashenzari.
Ashenzari was most pleased with you.
You visited 2 branches of the dungeon, and saw 11 of its levels.

You collected 672 gold pieces.

Inventory:

Hand Weapons
 a - a +1 long sword
 F - the +5 long sword "Juest" (weapon) {vorpal, rN+ Str+6 SInv}
   (You found it on level 9 of the Dungeon)

   It inflicts extra damage upon your enemies.
   Str:       It affects your strength (+6).
   rN:        It protects you from negative energy.
   SInv:      It lets you see invisible.
Missiles
 d - 4 throwing nets (quivered)
 D - 2 javelins
Armour
 c - the cursed +0 hat "Gaze Upon Infinity" (worn) {Melee, Cun}

   It has a curse which improves the following skills: Melee Combat: Short
   Blades, Long Blades, Axes, Maces & Flails, Polearms, Staves and Unarmed
   Combat.
   Cunning:   Dodging and Stealth.
 e - a +1 pair of gloves of dexterity (worn)
 h - a +1 kite shield of protection (worn)
 l - the cursed +0 scale mail "Prophetic Soothsayer" (worn) {Melee, Comp}
   (You found it on level 3 of the Dungeon)

   It has a curse which improves the following skills: Melee Combat: Short
   Blades, Long Blades, Axes, Maces & Flails, Polearms, Staves and Unarmed
   Combat.
   Companions: Summonings and Necromancy.
 p - the cursed +0 cloak of the Chained Augur (worn) {Fort, Cun}
   (You found it on level 4 of the Dungeon)

   It has a curse which improves the following skills: Fortitude: Armour and
   Shields.
   Cunning:   Dodging and Stealth.
 u - the cursed +0 pair of boots "Clairvoyant Loss" (worn) {Fort, Cun}
   (You found it on level 5 of the Dungeon)

   It has a curse which improves the following skills: Fortitude: Armour and
   Shields.
   Cunning:   Dodging and Stealth.
Jewellery
 g - a ring of flight
 q - the cursed ring of Star-Bound Wisdom (left hand) {rF+, Melee, Cun}
   (You found it on level 4 of the Dungeon)

   [ring of protection from fire]

   rF:        It protects you from fire.
   It has a curse which improves the following skills: Melee Combat: Short
   Blades, Long Blades, Axes, Maces & Flails, Polearms, Staves and Unarmed
   Combat.
   Cunning:   Dodging and Stealth.
 x - a ring of protection from fire (right hand)
Wands
 b - a wand of iceblast (16)
 o - a wand of charming (9)
 w - a wand of flame (14)
 E - a wand of polymorph (5)
 H - a wand of mindburst (13)
Scrolls
 f - a scroll of enchant armour
 i - 2 scrolls of teleportation
 n - a scroll of amnesia
 r - 2 scrolls of fog
 v - a scroll of magic mapping
 y - 2 scrolls of enchant weapon
 C - a scroll of holy word
 G - a scroll of blinking
Potions
 j - a potion of degeneration
 m - a potion of flight
 s - 7 potions of ambrosia
 t - a potion of heal wounds
 z - a potion of haste
 A - a potion of resistance
 B - 4 potions of brilliance


   Skills:
 + Level 10.1 Fighting
 * Level 13.4(16.8) Long Blades
 + Level 2.7 Throwing
 + Level 8.3(11.2) Armour
 + Level 8.5(13.0) Dodging
 + Level 1.7(3.8) Shields
 + Level 8.5 Evocations


You had 10 spell levels left.
You didn't know any spells.
Your spell library contained the following spells:

 Spells                   Type           Power      Damage    Failure   Level
 Magic Dart               Conj           0%         1d3       99%         1
 Blink                    Tloc           N/A        N/A       99%         2
 Call Imp                 Summ           0%         N/A       99%         2
 Corpse Rot               Necr/Air       N/A        N/A       99%         2
 Passwall                 Tmut/Erth      0%         N/A       99%         2
 Static Discharge         Conj/Air       0%         N/A       99%         2
 Mephitic Cloud           Conj/Pois/Air  0%         N/A       100%        3
 Swiftness                Air            0%         N/A       100%        3
 Dispel Undead            Necr           0%         3d6       100%        4
 Leda's Liquefaction      Hex/Erth       0%         N/A       100%        4
 Bolt of Magma            Conj/Fire/Erth 0%         4d4       100%        5
 Freezing Cloud           Conj/Ice/Air   0%         6-21      100%        5
 Lightning Bolt           Conj/Air       0%         1d11      100%        5
 Manifold Assault         Tloc           0%         N/A       100%        5
 Death Channel            Necr           0%         N/A       100%        6
 Invisibility             Hex            0%         N/A       100%        6
 Simulacrum               Ice/Necr       0%         N/A       100%        6
 Statue Form              Tmut/Erth      0%         N/A       100%        6
 Storm Form               Tmut/Air       0%         N/A       100%        7
 Maxwell's Capacitive Co  Air            0%         ∞         100%        8
 Polar Vortex             Ice            0%         N/A       100%        9


Dungeon Overview and Level Annotations

Branches:
Dungeon (10/15)            Temple (1/1) D:5            Lair (0/6) D:10
    Orc: D:9-12

Altars:
Ashenzari
Cheibriados
Dithmenos
Elyvilon
Fedhas
Gozag
Hepliaklqana
Kikubaaqudgha
Makhleb
Nemelex Xobeh
Okawaru
Qazlal
Ru
Sif Muna
Trog
Uskayaw
Vehumet
Wu Jian
Xom
Yredelemnul
Zin
The Shining One
Beogh

Shops:
D:4 :

Annotations:
D:3 3 runed translucent doors, canonizer's ghost, amateur GrBe


Innate Abilities, Weirdness & Mutations

You have a pair of horns on your head.
You reflexively headbutt those who attack you in melee.


Message History

You block the +0 short sword of freezing's attack.
Unknown command.
You hit the +0 short sword of freezing.
You headbutt the +0 short sword of freezing!
The +0 short sword of freezing falls from the air.
Unknown command.
The ettin closely misses you. The ettin misses you.
The cyclops barely misses you.
You riposte.
Your shield and cursed scale mail "Prophetic Soothsayer" prevent you from hitting the cyclops.
You headbutt the cyclops.
The cyclops is lightly wounded.
Found 21 gold pieces.
There is an open door, spattered with blood here.
Things that are here:
a +0 short sword of freezing; a komodo dragon corpse You slash the cyclops!
The cyclops is moderately wounded.
The ettin hits you with a +0 dire flail!! x2
You block the cyclops's attack.
Unknown command.
You are too injured to fight recklessly!
Unknown command.
You are too injured to fight recklessly!
You are too injured to fight recklessly!
Unknown command.
There is an open door here.
You see here a manticore corpse.
You block the ettin's attack. The ettin closely misses you.
There is an open door here.
Things that are here:
a +0 club; a +0 robe You block the ettin's attack.
The ettin hits you with a +0 dire flail!!!
* * * LOW HITPOINT WARNING * * *
There is an open translucent door, spattered with blood here.
There is an open door, spattered with blood here.
As you read the scroll of teleportation, it crumbles to dust.
You feel strangely unstable.
The ettin hits you with a +0 dire flail!
You die...

#########.##.##>##.#
####......##.......#
.......#........#############
..##.#.#.######.#####.....<.#
#.##........................#####
.......#.#............####.......
#......#.#.##########.##....#####
#.##.....#.'..#..#..#....#..#
..###.####.#..'(@C).#.......#
#####.## #.#######'##.####.##
#...# #.#.. ∆{#).#......# #...#
#.#.$ ∆#..#.###### #...#
#.##'####C##.#######
####...###.#..)..'†.#..)....#
...........#..#..#..#......>#
...........##########.......#
............................#


You could see an ettin.

Vanquished Creatures
  Erolcha (D:9)
  An ogre mage (D:10)
  A two-headed ogre (D:10)
  A dancing weapon (D:10)
  A tengu warrior (D:10)
  A manticore (D:10)
  A komodo dragon (D:10)
  A queen bee (D:10)
  A troll (D:10)
  A hornet (D:8)
  A meliai zombie (D:9)
  Sigmund (D:4)
  2 wraiths
  A wyvern (D:10)
  A yak (D:10)
  2 steam dragons (D:9)
  An acid dragon (D:10)
  2 water moccasins
  2 black bears (D:10)
  3 orc warriors
  3 necrophages
  A centaur (D:9)
  An ogre (D:5)
  2 phantoms (D:5)
  2 kobold brigands
  A gnoll sergeant (D:10)
  4 bullfrogs
  A water moccasin zombie (D:7)
  4 scorpions
  A water moccasin skeleton (D:4)
  A wyvern skeleton (D:6)
  20 killer bees
  5 wights (D:10)
  3 howler monkeys
  A lava snake (D:10)
  4 hounds
  6 centaur zombies
  A bullfrog skeleton (D:5)
  3 jellies
  Crazy Yiuf (D:4)
  4 centaur skeletons
  4 orc priests
  11 orc wizards
  Terence (D:2)
  3 iguanas
  Natasha (thrice) (D:2)
  2 killer bee zombies
  A hound zombie (D:5)
  A howler monkey zombie (D:8)
  12 gnolls
  A howler monkey skeleton (D:5)
  11 adders
  A shadow imp (D:7)
  5 white imps
  An ufetubus (D:5)
  A worm (D:2)
  2 dart slugs
  35 orcs
  7 bats
  8 endoplasms
  6 giant cockroaches
  3 goblins
  6 hobgoblins
  6 jackals
  6 quokkas
  3 ball pythons
  3 frilled lizards
  13 kobolds
  7 rats
258 creatures vanquished.

Vanquished Creatures (others)
  A plant (D:1)
1 creature vanquished.

Grand Total: 259 creatures vanquished

Notes
Turn   | Place    | Note
-------+----------+-------------------------------------------
     0 | D:1      | pkoi the Minotaur Gladiator began the quest for the Orb.
     0 | D:1      | Reached XP level 1. HP: 18/18 MP: 0/0
    64 | D:1      | Reached skill level 4 in Long Blades
    75 | D:1      | Reached XP level 2. HP: 24/25 MP: 1/1
   606 | D:1      | Reached skill level 5 in Long Blades
   740 | D:1      | Reached XP level 3. HP: 30/30 MP: 2/2
   960 | D:2      | Found a faded altar of an unknown god.
   979 | D:2      | Identified a scroll of acquirement
   979 | D:2      | Acquired a +1 pair of gloves of dexterity
  1020 | D:2      | Reached skill level 6 in Long Blades
  1020 | D:2      | Reached XP level 4. HP: 33/37 MP: 3/3
  1483 | D:2      | Noticed Terence
  1490 | D:2      | Killed Terence
  1491 | D:2      | Reached skill level 7 in Long Blades
  1491 | D:2      | Reached XP level 5. HP: 22/42 MP: 4/4
  1779 | D:2      | Noticed Natasha
  1789 | D:2      | Killed Natasha
  2276 | D:2      | Noticed Natasha
  2285 | D:2      | Killed Natasha
  2429 | D:2      | Reached skill level 1 in Armour
  2434 | D:2      | Noticed Natasha
  2437 | D:2      | Killed Natasha
  2461 | D:2      | Became a worshipper of Ashenzari the Shackled
  2502 | D:3      | Identified the +1 ring mail of the Gate {-Cast rCorr Dex+3}
  2502 | D:3      | Noticed canonizer's ghost (amateur GrBe)
  2503 | D:3      | Found a runed translucent gate.
  2503 | D:3      | Found a runed translucent gate.
  2503 | D:3      | Found a runed translucent gate.
  3285 | D:3      | Reached * piety under Ashenzari
  3355 | D:4      | Reached XP level 6. HP: 51/51 MP: 5/5
  3444 | D:4      | Found a runed translucent door.
  3445 | D:4      | Noticed Crazy Yiuf
  3550 | D:4      | Noticed Sigmund
  3591 | D:3      | Identified the cursed +0 hat "Gaze Upon Infinity" {Melee,
                  | Cun}
  4038 | D:4      | Killed Sigmund
  4039 | D:4      | Reached skill level 8 in Long Blades
  4039 | D:4      | Reached skill level 1 in Evocations
  4039 | D:4      | Reached XP level 7. HP: 14/58 MP: 6/6
  4634 | D:4      | Found Xozuox's Book Emporium.
  4752 | D:4      | Killed Crazy Yiuf
  4785 | D:5      | Entered Level 5 of the Dungeon
  4854 | D:5      | Found a staircase to the Ecumenical Temple.
  4930 | D:5      | Acquired a manual of Evocations
  5300 | D:5      | Reached skill level 9 in Long Blades
  5377 | Temple   | Entered the Ecumenical Temple
  5742 | D:5      | Reached XP level 8. HP: 62/67 MP: 7/7
  5843 | D:5      | Reached skill level 5 in Dodging
  6076 | D:5      | Reached skill level 5 in Fighting
  6468 | D:5      | Reached skill level 10 in Long Blades
  6765 | D:6      | Reached XP level 9. HP: 72/74 MP: 8/8
  6770 | D:6      | Reached skill level 5 in Armour
  7109 | D:6      | Found a hide-covered altar of Uskayaw.
  7276 | D:7      | Reached skill level 5 in Evocations
  7721 | D:7      | Reached skill level 11 in Long Blades
  8163 | D:8      | Found a shimmering altar of Xom.
  8302 | D:8      | Paralysed by a hornet for 1 turns
  8593 | D:8      | Reached ** piety under Ashenzari
  8722 | D:8      | Identified the +1 ring mail of Wisdom {Rampage}
  9168 | D:9      | Noticed Erolcha
  9179 | D:9      | Killed Erolcha
  9180 | D:9      | Reached XP level 10. HP: 60/86 MP: 9/9
  9314 | D:9      | Found an ornate altar of the Wu Jian Council.
  9384 | D:9      | Reached skill level 12 in Long Blades
  9622 | D:9      | Found a snail-covered altar of Cheibriados.
  9768 | D:9      | Identified the +5 long sword "Juest" {vorpal, rN+ Str+6
                  | SInv}
 10229 | D:10     | Entered Level 10 of the Dungeon
 10243 | D:10     | Noticed a two-headed ogre
 10249 | D:10     | Killed a two-headed ogre
 10721 | D:10     | Reached *** piety under Ashenzari
 10925 | D:10     | Identified the +5 mace of Starshine {antimagic, Fly rC+++
                  | SInv Stlth-}
 10961 | D:10     | Found a staircase to the Lair.
 10968 | D:10     | Reached skill level 13 in Long Blades
 10968 | D:10     | Reached XP level 11. HP: 90/97 MP: 10/10
 11189 | D:10     | Found a runed translucent door.
 11189 | D:10     | Noticed a tengu warrior
 11190 | D:10     | Noticed an ogre mage
 11205 | D:10     | Killed a tengu warrior
 11218 | D:10     | Killed an ogre mage
 11315 | D:10     | Reached skill level 1 in Shields
 11404 | D:10     | Noticed a +0 short sword of freezing
 11405 | D:10     | Noticed an ettin
 11411 | D:10     | Reached skill level 10 in Fighting
 11413 | D:10     | Killed a +0 short sword of freezing
 11426 | D:10     | Mangled by an ettin

Illustrated notes

Levels and vault maps discovered:
D:1:      ncdulo_smallfort, layout_basic, serial_corexii_hall,
          chequers_hall_statues_y, corexii_hall_statues_x,
          chequers_hall_statues_y, serial_bayou_ford_a,
          minmay_misc_feat_pillars, minivault_24
D:2:      minmay_kobold_bridge, layout_basic, ebering_ecumenical_altar_ruins,
          uniq_natasha, uniq_terence
D:3:      layout_basic, biasface_ghost_orc_armoury
D:4:      layout_basic, serial_shops, nicolae_shop_stone,
          kennysheep_generic_room_10, uniq_crazy_yiuf_cottage, uniq_sigmund
D:5:      kennysheep_windowed_halls, layout_basic, minmay_temple_entry_waves,
          hex_tiny
D:6:      layout_basic, nicolae_uskayaw_suspiria
D:7:      layout_rooms, serial_rivers, chequers_serial_rivers_micro_d,
          chequers_serial_rivers_room_b, chequers_serial_rivers_room_b,
          chequers_serial_rivers_large_a, kennysheep_generic_room_7
D:8:      layout_loops_ring, mainiacjoe_overflow_six_doors_small,
          minmay_manual_monstrance
D:9:      layout_cross, kennysheep_mini_moat, marbit_many_paths,
          hangedman_decor_push, chequers_garden, uniq_erolcha
D:10:     layout_loops_cross, david_lair_generic, special_room
          [special_room_bee], kennysheep_doodads, minivault_13
Temple:   dpeg_five_rooms_temple

Skill      XL: |  1  2  3  4  5  6  7  8  9 10 11 |
---------------+----------------------------------+-----
Long Blades    | 4 5 6 7 8 9 10 11 13 | 13.4
Armour         | 1 2 3 4 6 7 8 |  8.3
Fighting       | 3 4 5 7 9 10 | 10.1
Dodging        | 4 5 7 8 |  8.5
Evocations     | 1 2 4 6 8 |  8.5
Shields        | 1 |  1.7
Throwing       | |  2.7

Action                   |  1- 3 |  4- 6 |  7- 9 | 10-12 || total
-------------------------+-------+-------+-------+-------++-------
Melee: Long sword        |    59 |   107 |   292 |   176 ||   634
       Headbutt          |    10 |    20 |    81 |    54 ||   165
       Unarmed           |       |     3 |       |       ||     3
       Punch             |       |       |       |     1 ||     1
Invok: Curse Item        |       |     2 |     2 |     2 ||     6
       Shatter the Chain |       |     1 |       |       ||     1
Evoke: Wand              |       |       |     3 |       ||     3
  Use: Scroll            |     3 |     2 |     1 |     1 ||     7
 Stab: Sleeping          |       |     1 |       |       ||     1
Armor: Leather armour    |    13 |    20 |       |       ||    33
       Scale mail        |       |     9 |    95 |    64 ||   168
Dodge: Dodged            |    51 |    68 |   168 |   137 ||   424
Block: Kite shield       |       |       |       |     9 ||     9
       Rpst.: Long sword |    10 |    21 |    45 |    30 ||   106
